Map: Year Zero LE

Players

Ricus

  • Race: Terran Terran
  • Spawn Location: 1:00

Lambo - Winner!

  • Race: Zerg Zerg
  • League: Master
  • Spawn Location: 11:00

VOD

Have the link to the VOD?

Description

Time

  • Played on: Jan. 24, 2019, 6:25 a.m.
  • Length: 9:46
Show
View Real Time Build Order
Export as new Build Order

Ricus Terran 

Build Orders: Liberator Opening, Reaper Expand 

Get SALT Encoding   

  12  0:00  SCV  
  13  0:12  SCV  
  14  0:18  Supply Depot  
  14  0:24  SCV  
  15  0:39  SCV  
  15  0:41  Barracks  
  16  0:45  Refinery  
  16  0:51  SCV  
  17  1:04  SCV  
  18  1:16  SCV  
  19  1:28  Reaper, Orbital Command  
  20  1:44  Command Center  
  20  1:53  Supply Depot  
  20  1:55  SCV  
  21  2:03  Refinery, Barracks Reactor  
  22  2:08  SCV  
  22  2:20  SCV  
  22  2:22  Factory  
  23  2:32  SCV  
  24  2:40  Marine x2  
  26  2:44  SCV  
  27  2:55  Orbital Command  
  27  3:09  Starport  
  27  3:13  Hellion x2  
  27  3:16  SCV  
  27  3:17  Barracks Tech Lab  
  32  3:22  SCV  
  33  3:27  Supply Depot  
  33  3:31  Liberator  
  33  3:34  SCV x2  
  33  3:35  Hellion x2  
  33  3:38  Stimpack  
  39  3:41  Marine  
  39  3:46  SCV x2  
  45  3:58  SCV  
  45  3:59  Supply Depot  
  45  4:00  Hellion  
  50  4:04  SCV  
  50  4:07  Marine  
  52  4:13  SCV, Supply Depot  
  52  4:16  SCV  
  52  4:25  SCV  
  52  4:28  SCV  
  52  4:29  Barracks  
  54  4:31  Factory Reactor  
  54  4:33  Barracks  
  54  4:35  Starport Reactor  
  54  4:36  Marine  
  54  4:37  SCV  
  56  4:40  Supply Depot  
  56  4:43  SCV  
  57  4:49  SCV  
  57  4:51  Supply Depot  
  58  4:53  Marine  
  58  4:55  SCV  
  58  4:59  Engineering Bay  
  60  5:01  SCV, Engineering Bay  
  62  5:07  SCV  
  62  5:10  Refinery  
  62  5:11  Refinery, Marine  
  62  5:13  SCV  
  64  5:17  Marine  
  64  5:18  Marine  
  64  5:19  SCV, Medivac  
  69  5:22  Medivac  
  69  5:26  Factory Reactor  
  69  5:27  Terran Infantry Armor Level 1, Terran Infantry Weapons Level 1  
  71  5:29  Marine  
  71  5:33  Marine x2  
  71  5:35  Marine x2  
  71  5:38  SCV  
  71  5:41  Supply Depot  
  74  5:47  Marine  
  74  5:49  Combat Shield  
  75  5:50  Medivac, Marine  
  75  5:51  SCV, Marine  
  75  5:53  Marine x2  
  82  6:04  Widow Mine x2  
  84  6:05  Medivac, Marine  
  84  6:08  Marine  
  90  6:14  Marine x2  
  90  6:15  Command Center  
  90  6:17  Marine  
  91  6:22  Marine  
  91  6:24  Armory  
  92  6:26  Marine  
  92  6:28  Supply Depot  
  92  6:32  Marine  
  94  6:48  Supply Depot  
  94  6:49  SCV, Supply Depot, Medivac x2, Marine, Widow Mine  
  102  6:55  Supply Depot  
  102  6:56  Supply Depot  
  102  7:09  SCV x2, Marine x3  
  102  7:10  Widow Mine  
  102  7:11  Supply Depot x2  
  108  7:17  Marine x2  
  108  7:19  Medivac  
  111  7:26  Terran Infantry Weapons Level 2  
  111  7:27  Terran Infantry Armor Level 2  
  107  7:31  Marine  
  107  7:32  Marine  
  104  7:38  Orbital Command  
  104  7:41  SCV  
  107  7:46  Widow Mine x2  
  107  7:51  SCV  
  112  7:55  Marine  
  112  7:56  Barracks  
  112  7:57  Barracks  
  111  8:00  Marine  
  111  8:03  Marine, Orbital Command  
  113  8:06  SCV x2  
  113  8:10  Marine x2  
  119  8:13  Marine, Widow Mine x2  
  119  8:18  Marine  
  123  8:22  Marine  
  124  8:28  Marine x2  
  124  8:29  SCV  
  124  8:31  Marine  
  130  8:34  Widow Mine x2  
  130  8:36  SCV  
  129  8:43  SCV x2  
  129  8:44  Supply Depot  
  129  8:45  Barracks Tech Lab x2, Supply Depot  
  131  8:50  SCV  
  131  8:53  Supply Depot  
  131  8:55  Marine  
  133  8:59  Widow Mine  
  133  9:02  Supply Depot, Marine  
  136  9:06  Marine  
  110  9:18  Marine  
  110  9:19  Marine  
  110  9:21  Widow Mine  
  110  9:22  Widow Mine  
  118  9:24  Marine x2  
  118  9:25  Marauder  
  118  9:27  Marine  
Show
View Real Time Build Order
Export as new Build Order

Lambo Zerg - Winner!

Build Orders: Hatch First 

Get SALT Encoding   

  12  0:00  Drone  
  13  0:13  Overlord  
  13  0:18  Drone  
  14  0:32  Drone x2  
  16  0:50  Hatchery  
  16  0:54  Drone  
  16  0:57  Drone  
  16  0:59  Drone  
  18  1:11  Extractor  
  18  1:15  Spawning Pool  
  16  1:20  Drone  
  16  1:24  Drone  
  18  1:30  Drone  
  19  1:44  Drone  
  20  1:52  Overlord  
  20  2:02  Queen x2  
  20  2:03  Zergling x4  
  26  2:14  Metabolic Boost  
  26  2:15  Drone  
  27  2:16  Drone  
  28  2:25  Drone x2  
  30  2:33  Extractor, Drone  
  30  2:42  Drone  
  30  2:43  Queen  
  33  2:49  Overlord  
  33  2:53  Drone  
  33  2:56  Pneumatized Carapace  
  34  2:59  Drone x2  
  36  3:09  Drone x2  
  38  3:17  Hatchery  
  37  3:21  Drone x2  
  37  3:24  Overlord  
  39  3:28  Drone  
  39  3:31  Drone x2  
  42  3:36  Queen  
  44  3:45  Drone x2  
  46  3:50  Drone x3  
  46  3:54  Drone x3  
  52  3:58  Baneling Nest  
  52  4:01  Overlord  
  51  4:04  Zergling x2  
  52  4:11  Overlord  
  52  4:19  Queen, Zergling x2  
  52  4:20  Zergling x2  
  52  4:23  Drone  
  57  4:24  Spore Crawler  
  57  4:29  Zergling x4  
  57  4:30  Drone x3, Queen  
  63  4:36  Overlord  
  63  4:38  Drone  
  64  4:40  Drone  
  64  4:43  Drone x3  
  68  4:50  Drone x2  
  70  4:54  Lair  
  70  4:55  Drone x3  
  70  4:59  Queen  
  75  5:00  Drone  
  75  5:01  Drone x2  
  75  5:03  Drone  
  79  5:07  Queen  
  79  5:13  Overlord  
  81  5:17  Extractor  
  81  5:21  Evolution Chamber, Drone x2  
  79  5:22  Drone  
  79  5:23  Evolution Chamber  
  79  5:25  Extractor, Overlord  
  79  5:26  Drone x2  
  79  5:27  Extractor  
  81  5:35  Drone x5  
  86  5:36  Drone  
  86  5:37  Drone  
  86  5:39  Extractor  
  87  5:46  Zerg Ground Armor Level 1  
  87  5:47  Drone x2  
  89  5:50  Overlord  
  89  5:54  Overlord  
  89  5:55  Centrifical Hooks  
  89  5:57  Overlord  
  89  5:59  Overlord  
  89  6:04  Overlord  
  89  6:05  Zerg Melee Weapons Level 1  
  89  6:06  Hatchery  
  89  6:07  Overlord  
  89  6:08  Overlord  
  89  6:09  Zergling x2  
  89  6:10  Zergling x2  
  89  6:11  Baneling x3  
  90  6:14  Overlord  
  90  6:16  Zergling x6  
  93  6:18  Baneling x3  
  93  6:20  Overlord  
  93  6:25  Overlord x2  
  93  6:28  Zergling x6  
  93  6:30  Baneling  
  93  6:31  Baneling x3  
  94  6:36  Zergling x10  
  94  6:39  Zergling x4  
  101  6:41  Overlord  
  101  6:46  Drone x3  
  104  6:48  Hydralisk Den  
  104  6:53  Drone x4  
  107  7:00  Zergling x4  
  109  7:03  Baneling x8  
  109  7:06  Zergling x14  
  111  7:17  Overlord  
  111  7:20  Grooved Spines  
  108  7:23  Hydralisk  
  108  7:24  Zergling x8  
  113  7:31  Hydralisk x5  
  113  7:33  Hydralisk  
  113  7:34  Hydralisk  
  125  7:39  Drone x6  
  131  7:44  Extractor  
  130  7:52  Overlord  
  130  7:56  Zergling x14  
  137  8:02  Queen  
  139  8:06  Overlord, Hydralisk  
  139  8:07  Hydralisk x3  
  139  8:08  Overseer  
  139  8:10  Zergling x4  
  149  8:14  Zergling x8  
  149  8:16  Baneling x4  
  149  8:17  Zergling x4  
  155  8:21  Baneling x6  
  155  8:25  Zergling x8  
  159  8:29  Baneling x6  
  159  8:31  Muscular Augments, Zergling x10  
  164  8:36  Zergling x8  
  164  8:37  Zergling x2  
  169  8:43  Zergling x10  
  169  8:44  Zergling x2  
  175  8:49  Zergling x8  
  175  8:51  Baneling x7  
  175  8:52  Zergling x2  
  180  8:55  Baneling x3  
  180  8:56  Baneling x3  
  180  9:03  Zergling x16  
  180  9:05  Baneling x5  
  180  9:09  Overlord  
  184  9:13  Zergling x2  
  184  9:14  Zergling x12  
  175  9:18  Overseer  
  174  9:24  Zergling x12  
  174  9:27  Baneling x11  
Tags
 
Add a new tag
Caveats
  • Supply blocks, unpowered buildings, or Contaminate may cause inaccurate times.
  • Supply counts are checked every 10 seconds.